 Dungeon Crawl Stone Soup version 0.26-a0-833-g7262b39652 (webtiles) character file.

Game seed: 7868363764716315444

108588 Gargoyl the Corrupter of Planes (level 16, -1/129 HPs)
             Began as a Gnoll Abyssal Knight on Nov 13, 2020.
             Was the Champion of Lugonu.
             Succumbed to a +1 glaive of venom's poison
             ... on level 1 of the Abyss on Nov 16, 2020.
             The game lasted 00:52:22 (28822 turns).

Gargoyl the Corrupter of Planes (GnAK)             Turns: 28822, Time: 00:52:23

Health: -1/129     AC: 30    Str: 27    XL:     16   Next: 50%
Magic:  20/30      EV: 15    Int: 18    God:    Lugonu [******]
Gold:   2921       SH: 21    Dex: 23    Spells: 36/36 levels left

rFire    + + +     SeeInvis .   A - +2 war axe (elec)
rCold    + + +     Faith    .   B - +2 shield of Resistance {rF++ rC++ MR++}
rNeg     . . .     Spirit   .   b - +6 plate armour "Cabuik" {MR+ rCorr Int+2 Dex+3}
rPois    .         Reflect  +   p - +2 helmet
rElec    .         Harm     .   M - scarf {rC+ rF+}
rCorr    +         Rampage  .   h - +1 pair of gloves
MR       ++++.                  d - +2 pair of boots
Stlth    +.........             G - amulet of reflection
HPRegen  0.31/turn              E - +6 ring of strength
MPRegen  0.22/turn              Q - +6 ring of dexterity

@: lethally poisoned (-1 -> -36)
A: distributed training, fangs 1, strong nose
a: Depart the Abyss, Bend Space, Banish, Corrupt, Enter the Abyss, Brand Weapon
With Distortion, Renounce Religion


You were on level 1 of the Abyss.
You worshipped Lugonu.
Lugonu was exalted by your worship.
You visited 4 branches of the dungeon, and saw 24 of its levels.
You visited the Abyss 3 times.
You also visited: Gauntlet.

You collected 3107 gold pieces.
You spent 186 gold pieces at shops.

Inventory:

Hand Weapons
 a - a +1 hand axe
 m - a +4 scimitar of flaming
 A - a +2 war axe of electrocution (weapon)
Missiles
 l - 52 poisoned darts (quivered)
 O - 10 curare-tipped darts
Armour
 b - the +6 plate armour "Cabuik" (worn) {MR+ rCorr Int+2 Dex+3}
   (You acquired it on level 9 of the Dungeon)

   It affects your intelligence (+2).
   It affects your dexterity (+3).
   It affects your resistance to hostile enchantments.
   It provides partial protection from all sources of acid and corrosion.
 d - a +2 pair of boots (worn)
 h - a +1 pair of gloves (worn)
 p - a +2 helmet (worn)
 B - the +2 shield of Resistance (worn) {rF++ rC++ MR++}
   (You found it on level 10 of the Dungeon)

   It greatly protects you from fire.
   It greatly protects you from cold.
   It affects your resistance to hostile enchantments.
 M - a scarf of resistance (worn)
Jewellery
 v - an uncursed amulet of magic regeneration
 y - an uncursed ring of protection from fire
 C - an uncursed ring of flight
 D - the amulet "Cooddece" {rC+ Regen+}
   (You found it on level 11 of the Dungeon)

   [amulet of regeneration]

   It protects you from cold.
   It increases your rate of regeneration.
 E - a +6 ring of strength (left hand)
 G - an amulet of reflection (around neck)
 Q - a +6 ring of dexterity (right hand)
 V - the ring of the Skies Above {MR+ Str+2 Dex+4}
   (You found it in a Gauntlet)

   [ring of protection from magic]

   It affects your strength (+2).
   It affects your dexterity (+4).
   It affects your resistance to hostile enchantments.
Wands
 f - a wand of enslavement (6)
 s - a wand of digging (6)
 t - a wand of paralysis (6)
Scrolls
 c - 8 scrolls of identify
 e - 18 scrolls of remove curse
 k - a scroll of blinking
 q - 6 scrolls of magic mapping
 w - 6 scrolls of teleportation
 K - 3 scrolls of fear
 P - 3 scrolls of fog
 R - 2 scrolls of summoning
Potions
 g - 2 potions of cancellation
 i - 6 potions of flight
 j - 2 potions of haste
 n - 2 potions of invisibility
 o - 2 potions of mutation
 r - 3 potions of might
 u - a potion of magic
 x - 5 potions of curing
 z - 3 potions of berserk rage
 F - 2 potions of brilliance
 L - a potion of heal wounds
 N - 2 potions of resistance
Miscellaneous
 J - a condenser vane


   Skills:
 + Level 12.4 Fighting
 + Level 10.8 Short Blades
 + Level 10.8 Long Blades
 + Level 11.6 Axes
 + Level 10.8 Maces & Flails
 + Level 10.8 Polearms
 + Level 10.8 Staves
 + Level 10.8 Slings
 + Level 10.8 Bows
 + Level 10.8 Crossbows
 + Level 10.8 Throwing
 + Level 11.6 Armour
 + Level 11.1 Dodging
 + Level 10.8 Stealth
 + Level 10.8 Shields
 + Level 10.8 Unarmed Combat
 + Level 10.8 Spellcasting
 + Level 9.2 Conjurations
 + Level 9.2 Hexes
 + Level 9.2 Summonings
 + Level 9.2 Necromancy
 + Level 9.2 Translocations
 + Level 9.2 Transmutations
 + Level 9.2 Fire Magic
 + Level 9.2 Ice Magic
 + Level 9.2 Air Magic
 + Level 9.2 Earth Magic
 + Level 9.2 Poison Magic
 + Level 12.4 Invocations
 + Level 10.8 Evocations


You had 36 spell levels left.
You didn't know any spells.
Your spell library contained the following spells:

 Spells                   Type           Power        Failure   Level
 Beastly Appendage        Tmut           #####.       2%          1
 Corona                   Hex            #####..      2%          1
 Magic Dart               Conj           ####         2%          1
 Sting                    Tmut/Pois      ####         2%          1
 Blink                    Tloc           N/A          3%          2
 Call Imp                 Summ           #####...     3%          2
 Poisonous Vapours        Pois/Air       #####.       3%          2
 Searing Ray              Conj           #####.       3%          2
 Slow                     Hex            #####...     3%          2
 Wereblood                Tmut           #####...     3%          2
 Conjure Flame            Conj/Fire      #####...     7%          3
 Dazzling Flash           Conj/Hex       #####.       7%          3
 Ignite Poison            Fire/Tmut/Pois #####...     7%          3
 Inner Flame              Hex/Fire       #####...     7%          3
 Mephitic Cloud           Conj/Pois/Air  #####...     7%          3
 Portal Projectile        Hex/Tloc       #####.       7%          3
 Spider Form              Tmut/Pois      #####.....   7%          3
 Cause Fear               Hex            #####.....   22%         4
 Fulminant Prism          Conj/Hex       #####.....   22%         4
 Ice Form                 Ice/Tmut       #####...     22%         4
 Iskenderun's Mystic Bla  Conj/Tloc      #####...     22%         4
 Leda's Liquefaction      Hex/Erth       #####.....   22%         4
 Olgreb's Toxic Radiance  Pois           #####...     22%         4
 Summon Lightning Spire   Summ/Air       #####...     22%         4
 Blade Hands              Tmut           #####.....   52%         5
 Irradiate                Conj/Tmut      #####.....   52%         5
 Silence                  Hex/Air        #####.....   52%         5
 Yara's Violent Unravell  Hex/Tmut       #####.....   52%         5
 Conjure Ball Lightning   Conj/Air       #####.....   98%         6
 Hydra Form               Tmut           #####.....   98%         6
 Statue Form              Tmut/Erth      #####....    98%         6
 Dragon Form              Tmut           #####.....   100%        7
 Discord                  Hex            #####.....   100%        8
 Tornado                  Air            #####.....   100%        9


Dungeon Overview and Level Annotations

Branches:
Dungeon (15/15)            Temple (0/1) D:5            Lair (6/6) D:8
  Swamp (0/4) Lair:2       Shoals (0/4) Lair:3        Slime (0/5) Lair:5
    Orc (2/2) D:9             Elf (1/3) Orc:2        Vaults (0/5) D:14
 Depths (0/5) D:15        Gauntlet (visited)
  Snake: Lair:2-4    Spider: Lair:2-4

Altars:
Ashenzari
Dithmenos
Elyvilon
Fedhas
Gozag
Kikubaaqudgha
Okawaru
Qazlal
Ru
Wu Jian
Xom
Yredelemnul
Zin
The Shining One
Beogh
Jiyva

Shops:
D:13 !   Orc:2 [(:*

Portals:
Trove: D:15 (give 4 scrolls of fog)

Annotations:
D:5 1 runed translucent door, Ge0ff's ghost, weakling GnDe
Abyss:1 Maggie


Innate Abilities, Weirdness & Mutations

Your experience applies equally to all skills.
You have very sharp teeth.
Your uncanny sense of smell can sniff out nearby items.


Message History

* * * LOW HITPOINT WARNING * * *
Unknown command.
* * * LOW HITPOINT WARNING * * *
You feel very sick. The +1 glaive of venom misses you.
The deep elf mage gestures wildly while chanting.
The deep elf mage blinks!
There is an open door here.
* * * LOW HITPOINT WARNING * * *
You feel very sick.
You feel much better.
* * * LOW HITPOINT WARNING * * *
You feel very sick.
You block the +1 glaive of venom's attack.
Unknown command.
To return, you must find a gate leading back.
Killing monsters will force the Abyss to allow you passage.
This branch contains the abyssal rune of Zot.
Level annotation: Maggie You die...

### ...
#.# #.#
#@#
#....'.#
....#.#.#
.. #.##.#
#.. #..
..# ...
..# #.#
.. ...


There were no monsters in sight!

Vanquished Creatures
  Frances (D:13)
  An orc warlord (Orc:2)
  A minotaur (Gauntlet)
  3 fire dragons
  A deep elf high priest (Elf:1)
  3 ice dragons
  A boulder beetle (Lair:6)
  2 catoblepae
  11 hydras
  5 dancing weapons
  A tengu warrior (D:13)
  A two-headed ogre (Orc:1)
  11 death yaks
  Sonja (Lair:4)
  Urug (Lair:1)
  An orc high priest (Orc:2)
  3 deep elf knights (Elf:1)
  A wizard (D:14)
  2 deep elf archers (Elf:1)
  A wolf spider (D:15)
  4 ugly things
  4 orc knights
  4 orc sorcerers
  16 deep elf magi
  A slime creature (D:13)
  A manticore (D:15)
  5 cyclopes
  8 elephants
  5 black mambas
  Psyche (D:11)
  A rust devil (Gauntlet)
  11 cane toads
  A torpor snail (Lair:6)
  2 gargoyles
  2 kobold demonologists
  9 komodo dragons
  5 centaur skeletons
  4 rime drakes
  2 minotaur zombies (Gauntlet)
  2 queen bees (Gauntlet)
  11 polar bears
  6 trolls
  4 raiju (Lair:6)
  Prince Ribbit (D:7)
  11 blink frogs
  6 dream sheep (Lair:6)
  An air elemental (Elf:1)
  A water elemental (Elf:1)
  4 shadows
  A tarantella (shapeshifter) (Elf:1)
  A ynoxinul (Gauntlet)
  2 wyverns
  A centaur simulacrum (D:15)
  7 basilisks
  A wraith (D:14)
  A fire elemental (Elf:1)
  64 yaks
  Eustachio (D:5)
  2 acid dragons
  A soldier ant (D:14)
  2 swamp worms (Gauntlet)
  11 wargs
  A soldier ant (shapeshifter) (D:13)
  13 water moccasins
  11 hell hounds (Lair:6)
  28 orc warriors
  3 sky beasts
  4 ice beasts
  14 black bears
  An eye of draining (D:12)
  3 phantoms
  10 ogres
  18 wolves
  18 centaurs
  Blork the orc (D:6)
  24 bullfrogs
  4 big kobolds
  3 gnoll sergeants (D:7)
  An earth elemental (Elf:1)
  A wyvern skeleton (D:15)
  4 scorpions
  16 killer bees
  8 wights
  4 howler monkeys
  An electric eel (D:13)
  3 centaur zombies
  A quasit (D:11)
  5 jellies
  A hound (D:9)
  21 orc priests
  3 bullfrog skeletons
  3 iron imps (Gauntlet)
  Crazy Yiuf (D:3)
  4 iguanas
  32 orc wizards
  5 hell rats (Lair:2)
  7 worker ants
  A killer bee zombie (D:6)
  A hound skeleton (D:11)
  A worker ant zombie (D:10)
  A howler monkey skeleton (D:8)
  A howler monkey zombie (D:6)
  16 gnolls
  16 adders
  A shadow imp (D:6)
  2 white imps
  3 ufetubi
  3 adder skeletons
  5 worms
  3 dart slugs
  14 leopard geckos
  97 orcs
  12 giant cockroaches
  17 goblins
  10 hobgoblins
  11 jackals
  6 quokkas
  2 ball pythons
  4 bats
  8 frilled lizards
  37 kobolds
  A leopard gecko skeleton (D:6)
  2 quokka skeletons
  10 rats
  2 crawling corpses (Elf:1)
844 creatures vanquished.

Vanquished Creatures (collateral kills)
  An ogre (D:10)
  A bullfrog (D:10)
2 creatures vanquished.

Vanquished Creatures (others)
  A blizzard demon (Gauntlet)
  A deep elf archer (Elf:1)
  A minotaur zombie (Gauntlet)
  2 hell hounds (Gauntlet)
  A gnoll (D:7)
  3 orcs (D:7)
  A quokka (D:11)
  29 fungi
  50 plants
  A withered plant (D:3)
90 creatures vanquished.

Grand Total: 936 creatures vanquished

Notes
Turn   | Place    | Note
-------+----------+-------------------------------------------
     0 | Abyss:1  | Gargoyl the Gnoll Abyssal Knight began the quest for the
                  | Orb.
     0 | Abyss:1  | Reached XP level 1. HP: 23/23 MP: 3/3
    24 | Abyss:2  | Noticed a starcursed mass
    30 | Abyss:2  | Noticed a smoke demon
    31 | Abyss:2  | Noticed a small abomination
    36 | D:1      | Escaped the Abyss
   122 | D:1      | Reached * piety under Lugonu
   140 | D:1      | Reached XP level 2. HP: 19/29 MP: 5/5
   594 | D:1      | Reached XP level 3. HP: 33/35 MP: 6/6
  1030 | D:2      | Reached ** piety under Lugonu
  1079 | D:2      | Reached skill level 1 in Short Blades
  1079 | D:2      | Reached skill level 1 in Long Blades
  1079 | D:2      | Reached skill level 1 in Maces & Flails
  1079 | D:2      | Reached skill level 1 in Polearms
  1079 | D:2      | Reached skill level 1 in Staves
  1079 | D:2      | Reached skill level 1 in Slings
  1079 | D:2      | Reached skill level 1 in Bows
  1079 | D:2      | Reached skill level 1 in Crossbows
  1079 | D:2      | Reached skill level 1 in Throwing
  1079 | D:2      | Reached skill level 1 in Stealth
  1079 | D:2      | Reached skill level 1 in Shields
  1079 | D:2      | Reached skill level 1 in Unarmed Combat
  1079 | D:2      | Reached skill level 1 in Spellcasting
  1079 | D:2      | Reached skill level 1 in Evocations
  1375 | D:2      | Reached XP level 4. HP: 38/41 MP: 7/7
  1807 | D:2      | Reached skill level 1 in Conjurations
  1807 | D:2      | Reached skill level 1 in Hexes
  1807 | D:2      | Reached skill level 1 in Summonings
  1807 | D:2      | Reached skill level 1 in Necromancy
  1807 | D:2      | Reached skill level 1 in Translocations
  1807 | D:2      | Reached skill level 1 in Transmutations
  1807 | D:2      | Reached skill level 1 in Fire Magic
  1807 | D:2      | Reached skill level 1 in Ice Magic
  1807 | D:2      | Reached skill level 1 in Air Magic
  1807 | D:2      | Reached skill level 1 in Earth Magic
  1807 | D:2      | Reached skill level 1 in Poison Magic
  2152 | D:3      | Reached XP level 5. HP: 47/47 MP: 8/8
  2342 | D:3      | Found a sacrificial altar of Ru.
  2355 | D:3      | Found an opulent altar of Gozag.
  2463 | D:3      | Reached *** piety under Lugonu
  2511 | D:3      | Found a basalt altar of Yredelemnul.
  2776 | D:3      | Found an ornate altar of the Wu Jian Council.
  2827 | D:3      | Found a runed translucent door.
  2828 | D:3      | Noticed Crazy Yiuf
  2845 | D:3      | Killed Crazy Yiuf
  2979 | D:3      | Found a shadowy altar of Dithmenos.
  3084 | D:4      | Reached skill level 5 in Invocations
  3084 | D:4      | Reached XP level 6. HP: 40/53 MP: 9/9
  3116 | D:4      | Reached skill level 5 in Axes
  3116 | D:4      | Reached skill level 5 in Armour
  3763 | D:4      | Found an iron altar of Okawaru.
  4169 | D:5      | Entered Level 5 of the Dungeon
  4191 | D:5      | Found a runed translucent door.
  4191 | D:5      | Noticed Ge0ff's ghost (weakling GnDe)
  4235 | D:5      | Reached XP level 7. HP: 53/59 MP: 10/10
  4240 | D:5      | Found a staircase to the Ecumenical Temple.
  4296 | D:5      | Reached **** piety under Lugonu
  4554 | D:5      | Found a blossoming altar of Fedhas.
  4805 | D:5      | Noticed Eustachio
  4839 | D:5      | Killed Eustachio
  5697 | D:6      | Noticed Blork the orc
  5729 | D:6      | Killed Blork the orc
  5729 | D:6      | Reached XP level 8. HP: 67/67 MP: 12/12
  6465 | D:6      | Found a stormy altar of Qazlal.
  6468 | D:6      | Found a glowing golden altar of the Shining One.
  6468 | D:6      | Found an iron altar of Okawaru.
  6469 | D:6      | Found an ancient bone altar of Kikubaaqudgha.
  7108 | D:7      | Noticed Maggie
  7347 | D:7      | Noticed Prince Ribbit
  7357 | D:7      | HP: 3/67 [gnoll sergeant/+0 trident (4)]
  7357 | D:7      | HP: 1/67 [gnoll/+0 club (2)]
  7397 | D:7      | Banished Maggie
  7397 | D:7      | Reached XP level 9. HP: 21/73 MP: 5/14
  7496 | D:7      | Killed Prince Ribbit
  7831 | D:7      | Reached skill level 5 in Dodging
  8356 | D:7      | Noticed a brown ugly thing
  8375 | D:6      | Banished a brown ugly thing
  8713 | D:8      | Found a staircase to the Lair.
  8733 | D:8      | Reached XP level 10. HP: 66/80 MP: 17/17
  8861 | D:8      | Found a broken altar of Ashenzari.
  9026 | D:8      | Reached skill level 5 in Short Blades
  9026 | D:8      | Reached skill level 5 in Long Blades
  9026 | D:8      | Reached skill level 5 in Maces & Flails
  9026 | D:8      | Reached skill level 5 in Polearms
  9026 | D:8      | Reached skill level 5 in Staves
  9026 | D:8      | Reached skill level 5 in Slings
  9026 | D:8      | Reached skill level 5 in Bows
  9026 | D:8      | Reached skill level 5 in Crossbows
  9026 | D:8      | Reached skill level 5 in Throwing
  9026 | D:8      | Reached skill level 5 in Stealth
  9026 | D:8      | Reached skill level 5 in Shields
  9026 | D:8      | Reached skill level 5 in Unarmed Combat
  9026 | D:8      | Reached skill level 5 in Spellcasting
  9026 | D:8      | Reached skill level 5 in Evocations
  9479 | D:9      | Identified a scroll of acquirement
  9479 | D:9      | Acquired the +6 plate armour "Cabuik" {MR+ rCorr Int+2
                  | Dex+3}
  9687 | D:9      | Found a blossoming altar of Fedhas.
  9702 | D:9      | Identified the +1 robe "Notalyot" {*Contam rF+++ Str+2
                  | Slay+2}
  9753 | D:9      | Found a roughly hewn altar of Beogh.
  9753 | D:9      | Found a staircase to the Orcish Mines.
  9915 | D:9      | Found a shimmering altar of Xom.
  9918 | D:9      | Noticed an angel
  9921 | D:9      | Found a glowing silver altar of Zin.
 10385 | D:10     | Entered Level 10 of the Dungeon
 10393 | D:10     | Reached ***** piety under Lugonu
 10492 | D:10     | Found a runed translucent door.
 10492 | D:10     | Noticed a fire dragon
 10492 | D:10     | Noticed a fire dragon
 10493 | D:10     | Found the +2 shield of Resistance {rF++ rC++ MR++}
 10493 | D:10     | Noticed an ice dragon
 10494 | D:10     | Noticed an ice dragon
 10509 | D:10     | Found a runed translucent door.
 10768 | D:10     | Reached XP level 11. HP: 87/87 MP: 19/19
 11039 | D:11     | Noticed a seven-headed hydra
 11067 | D:11     | Banished a seven-headed hydra
 11067 | D:11     | Reached skill level 5 in Conjurations
 11067 | D:11     | Reached skill level 5 in Hexes
 11067 | D:11     | Reached skill level 5 in Summonings
 11067 | D:11     | Reached skill level 5 in Necromancy
 11067 | D:11     | Reached skill level 5 in Translocations
 11067 | D:11     | Reached skill level 5 in Transmutations
 11067 | D:11     | Reached skill level 5 in Fire Magic
 11067 | D:11     | Reached skill level 5 in Ice Magic
 11067 | D:11     | Reached skill level 5 in Air Magic
 11067 | D:11     | Reached skill level 5 in Earth Magic
 11067 | D:11     | Reached skill level 5 in Poison Magic
 11134 | D:11     | Noticed Psyche
 11153 | D:11     | Killed Psyche
 11460 | D:11     | Got a flickering garnet amulet
 11568 | D:11     | Found a white marble altar of Elyvilon.
 11770 | D:12     | Found a glowing golden altar of the Shining One.
 11795 | D:12     | Noticed a seven-headed hydra
 11803 | D:12     | Banished an eight-headed hydra
 12017 | D:12     | Noticed a boulder beetle
 12019 | D:12     | Banished a boulder beetle
 12175 | D:12     | Noticed a cyan ugly thing
 12184 | D:12     | Killed a cyan ugly thing
 12187 | D:12     | Identified the amulet "Cooddece" {rC+ Regen+} (You found it
                  | on level 11 of the Dungeon)
 12443 | D:12     | Reached XP level 12. HP: 46/96 MP: 22/22
 12755 | D:12     | Noticed a boulder beetle
 12768 | D:12     | Banished a boulder beetle
 13857 | D:13     | Found Jaatem's Distillery.
 13866 | D:13     | Bought a potion of curing for 51 gold pieces
 13866 | D:13     | Bought a potion of curing for 51 gold pieces
 14117 | D:13     | Noticed Frances
 14143 | D:13     | Killed Frances
 14143 | D:13     | Reached skill level 10 in Fighting
 14896 | D:11     | Killed a fire dragon
 15144 | D:11     | Killed a fire dragon
 15228 | D:10     | Killed an ice dragon
 15272 | D:10     | Killed an ice dragon
 15272 | D:10     | Reached XP level 13. HP: 40/103 MP: 24/24
 15438 | Lair:1   | Entered Level 1 of the Lair of Beasts
 15842 | Lair:1   | Reached skill level 10 in Invocations
 16181 | Lair:1   | Noticed Urug
 16201 | Lair:1   | Killed Urug
 17036 | Lair:2   | HP: 5/104 [hell rat (1)]
 17800 | Lair:2   | Found a staircase to the Swamp.
 17964 | Lair:3   | Found a staircase to the Shoals.
 18645 | Lair:4   | Noticed Sonja
 18668 | Lair:4   | Cast into level 1 of the Abyss (Sonja)
 18680 | Abyss:1  | Noticed a purple very ugly thing
 18680 | Abyss:1  | Noticed a purple very ugly thing
 18680 | Abyss:1  | Noticed a purple very ugly thing
 18680 | Abyss:1  | Noticed a purple very ugly thing
 18684 | Lair:4   | Escaped the Abyss
 18690 | Lair:4   | Killed Sonja
 18830 | Lair:4   | Reached XP level 14. HP: 87/111 MP: 26/26
 18840 | Lair:4   | Reached skill level 10 in Axes
 18840 | Lair:4   | Reached skill level 10 in Armour
 19476 | Lair:5   | Found a viscous altar of Jiyva.
 19476 | Lair:5   | Found a staircase to the Slime Pits.
 20860 | Lair:6   | Entered Level 6 of the Lair of Beasts
 21178 | Lair:5   | Reached ****** piety under Lugonu
 21523 | Lair:6   | Reached skill level 10 in Dodging
 21589 | Lair:6   | Reached XP level 15. HP: 114/119 MP: 28/28
 22430 | Lair:6   | Reached skill level 10 in Short Blades
 22430 | Lair:6   | Reached skill level 10 in Long Blades
 22430 | Lair:6   | Reached skill level 10 in Maces & Flails
 22430 | Lair:6   | Reached skill level 10 in Polearms
 22430 | Lair:6   | Reached skill level 10 in Staves
 22430 | Lair:6   | Reached skill level 10 in Slings
 22430 | Lair:6   | Reached skill level 10 in Bows
 22430 | Lair:6   | Reached skill level 10 in Crossbows
 22430 | Lair:6   | Reached skill level 10 in Throwing
 22430 | Lair:6   | Reached skill level 10 in Stealth
 22430 | Lair:6   | Reached skill level 10 in Shields
 22430 | Lair:6   | Reached skill level 10 in Unarmed Combat
 22430 | Lair:6   | Reached skill level 10 in Spellcasting
 22430 | Lair:6   | Reached skill level 10 in Evocations
 23252 | D:14     | Found a gate to the Vaults.
 23759 | D:15     | Entered Level 15 of the Dungeon
 23898 | D:15     | Found a portal to a secret trove of treasure.
 24789 | D:15     | Found a staircase to the Depths.
 25188 | Orc:1    | Entered Level 1 of the Orcish Mines
 25442 | Orc:1    | Found a roughly hewn altar of Beogh.
 25786 | Orc:2    | Entered Level 2 of the Orcish Mines
 25848 | Orc:2    | Found a gate leading to a gauntlet.
 25875 | Gauntlet | Entered a Gauntlet
 25875 | Gauntlet | Found a transporter.
 25875 | Gauntlet | Found a transporter.
 25875 | Gauntlet | Found a transporter.
 25879 | Gauntlet | Found a transporter.
 25879 | Gauntlet | Found a transporter.
 25880 | Gauntlet | Found a transporter.
 25890 | Gauntlet | Found a transporter.
 25892 | Gauntlet | Found a transporter.
 25893 | Gauntlet | Found a transporter.
 25893 | Gauntlet | Found a transporter.
 25901 | Gauntlet | Noticed a balrug
 25903 | Gauntlet | Found a transporter.
 25904 | Gauntlet | Found a transporter.
 25912 | Gauntlet | Corrupted Gauntlet
 25915 | Gauntlet | Banished a balrug
 25927 | Gauntlet | Noticed a tentacled starspawn
 25997 | Gauntlet | Noticed a bone dragon
 25999 | Gauntlet | Got a sparkling brass ring
 26007 | Gauntlet | Identified the ring of the Skies Above {MR+ Str+2 Dex+4}
                  | (You found it in a Gauntlet)
 26061 | Gauntlet | Got a twisted cloak
 26077 | Gauntlet | Got a twisted plate armour
 26091 | Gauntlet | Identified the +3 cloak "Nievevye" {-Cast -Tele rCorr
                  | Str+10} (You found it in a Gauntlet)
 26122 | Gauntlet | Identified the cursed +0 plate armour "Ulonilix" {rC+
                  | Slay+2} (You found it in a Gauntlet)
 26270 | Gauntlet | Reached XP level 16. HP: 95/127 MP: 30/30
 26427 | Gauntlet | Identified the +8 battleaxe of the Lettuce {protect, rC+
                  | MR+ Str+2}
 26597 | Orc:2    | Found a staircase to the Elven Halls.
 27177 | Orc:2    | Found a roughly hewn altar of Beogh.
 27195 | Orc:2    | Found Ycelaep's Book Shop.
 27254 | Orc:2    | Found Kiquix's General Store.
 27461 | Orc:2    | Bought a scroll of teleportation for 42 gold pieces
 27461 | Orc:2    | Bought a potion of curing for 42 gold pieces
 27483 | Orc:2    | Found Tuih's Antique Armour Shop.
 27511 | Orc:2    | Found Plog's Antique Weapon Shop.
 27645 | Elf:1    | Entered Level 1 of the Elven Halls
 28290 | Elf:1    | Upgraded the game from 0.26-a0-812-g31a745ddcd to
                  | 0.26-a0-833-g7262b39652
 28822 | Abyss:1  | Succumbed to a +1 glaive of venom's poison

Illustrated notes

Levels and vault maps discovered:
D:1:      dpeg_arrival_houses_and_road, layout_basic, lemuel_old_faithful
D:2:      minmay_wonky_spiral, layout_loops_cross
D:3:      layout_rooms, nicolae_dithmenos_through_a_glass_darkly,
          marbit_many_paths, overflow_temple_1_default, grunt_gozag_breadcrumbs,
          yredelemnul_altar_generic, uniq_crazy_yiuf_cottage
D:4:      layout_rooms, okawaru_altar_gauntlet_db
D:5:      layout_layer_cave, fedhas_altar_2, minmay_temple_entry_sparse_star,
          hellmonk_ghost_happy_afterlife, uniq_eustachio
D:6:      layout_basic, grunt_temple_overflow_open, grunt_decor_arrowhead,
          st_stairs_7, hangedman_abyss_or_decor_stabs, uniq_blork_the_orc
D:7:      layout_rooms, uniq_maggie, uniq_prince_ribbit1
D:8:      layout_gridville, kennysheep_little_box, lair_entry_dummy
D:9:      layout_basic, grunt_temple_overflow_order_and_chaos_1, david_orc_5,
          basic_altar, minmay_fractal_squares_gapless_5
D:10:     layout_rooms, minmay_guarded_unrand_resistance
D:11:     layout_cave_pools, elyvilon_altar_4, uniq_psyche
D:12:     layout_gridville, tso_metal_star
D:13:     layout_loops_corners, serial_shops, shop, minmay_misc_feat_tower,
          nooodl_orcs_dogs, uniq_frances
D:14:     layout_basic, erik_vaults_1, kennysheep_nub
D:15:     grunt_enter_depths_hoard, layout_gridville, chequers_avenue,
          nicolae_trove_entry_free_sample, lemuel_flamethrower_2
Lair:1:   layout_gridlike, beast_lair_carwin_5, lemuel_fruit_fields,
          grunt_megastairs_4, uniq_urug
Lair:2:   layout_long_grid, palyth_hydra_swamp_entry, grunt_megastairs_2
Lair:3:   layout_hall_layers, shoals_dummy_entry
Lair:4:   layout_misc_corridors, lemuel_fruit_tree, minmay_lair_oklob_chamber,
          grunt_megastairs_3, uniq_sonja
Lair:5:   layout_cave_pods, slime_altar_1
Lair:6:   hangedman_lair_caniforms_friends, layout_misc_corridors,
          grunt_megastairs_1
Orc:1:    layout_caves, basic_altar
Orc:2:    grunt_orc_cross, layout_caves, gauntlet_entry_generic
Elf:1:    minmay_the_grid_net [minmay_the_grid_embedded, minmay_the_grid_box_x,
          minmay_the_grid_small_cups, minmay_the_grid_minigrid_large,
          minmay_the_grid_diamond_grid, minmay_the_grid_prize_big_room],
          layout_loops_cross, kennysheep_underground_church
Abyss:1:  base: Temple, hangedman_decor_peaks_small, base: Temple, base: D:6,
          evilmike_abyss_exit_glass, base:
Elf:1

Skill      XL: |  1  2  3  4  5  6  7  8  9 10 11 12 13 14 15 16 |
---------------+-------------------------------------------------+-----
Short Blades   | 1 2 3 4 5 6 7 8 9 10 | 10.8
Long Blades    | 1 2 3 4 5 6 7 8 9 10 | 10.8
Maces & Flails | 1 2 3 4 5 6 7 8 9 10 | 10.8
Polearms       | 1 2 3 4 5 6 7 8 9 10 | 10.8
Staves         | 1 2 3 4 5 6 7 8 9 10 | 10.8
Slings         | 1 2 3 4 5 6 7 8 9 10 | 10.8
Bows           | 1 2 3 4 5 6 7 8 9 10 | 10.8
Crossbows      | 1 2 3 4 5 6 7 8 9 10 | 10.8
Throwing       | 1 2 3 4 5 6 7 8 9 10 | 10.8
Stealth        | 1 2 3 4 5 6 7 8 9 10 | 10.8
Shields        | 1 2 3 4 5 6 7 8 9 10 | 10.8
Unarmed Combat | 1 2 3 4 5 6 7 8 9 10 | 10.8
Spellcasting   | 1 2 3 4 5 6 7 8 9 10 | 10.8
Evocations     | 1 2 3 4 5 6 7 8 9 10 | 10.8
Conjurations   | 1 2 3 4 5 6 7 8 9 |  9.2
Hexes          | 1 2 3 4 5 6 7 8 9 |  9.2
Summonings     | 1 2 3 4 5 6 7 8 9 |  9.2
Necromancy     | 1 2 3 4 5 6 7 8 9 |  9.2
Translocations | 1 2 3 4 5 6 7 8 9 |  9.2
Transmutations | 1 2 3 4 5 6 7 8 9 |  9.2
Fire Magic     | 1 2 3 4 5 6 7 8 9 |  9.2
Ice Magic      | 1 2 3 4 5 6 7 8 9 |  9.2
Air Magic      | 1 2 3 4 5 6 7 8 9 |  9.2
Earth Magic    | 1 2 3 4 5 6 7 8 9 |  9.2
Poison Magic   | 1 2 3 4 5 6 7 8 9 |  9.2
Dodging        | 3 4 5 6 7 8 9 10 11 | 11.1
Invocations    | 5 6 7 8 9 10 11 12 | 12.4
Axes           | 5 6 7 8 9 10 11 | 11.6
Armour         | 5 6 7 8 9 10 11 | 11.6
Fighting       | 7 8 9 10 11 12 | 12.4

Action                   |  1- 3 |  4- 6 |  7- 9 | 10-12 | 13-15 | 16-18 || total
-------------------------+-------+-------+-------+-------+-------+-------++-------
Melee: Hand axe          |   113 |   267 |   139 |       |       |       ||   519
       Bite              |    11 |    35 |    38 |   152 |   284 |    53 ||   573
       Punch             |       |     2 |     5 |       |       |       ||     7
       Long sword        |       |       |    59 |       |       |       ||    59
       Scimitar          |       |       |   145 |   974 |   558 |       ||  1677
       War axe           |       |       |       |       |   814 |   278 ||  1092
Throw: Dart              |       |       |    12 |     2 |    46 |       ||    60
Invok: Depart the Abyss  |     1 |       |       |       |     1 |       ||     2
       Banish            |       |       |     8 |     8 |     4 |       ||    20
       Bend Space        |       |       |     4 |     1 |     1 |       ||     6
       Corrupt           |       |       |       |       |     1 |       ||     1
       Enter the Abyss   |       |       |       |       |       |     1 ||     1
  Use: Scroll            |     4 |       |    12 |    11 |    22 |     1 ||    50
       Potion            |     1 |       |     4 |     3 |     3 |     1 ||    12
 Stab: Sleeping          |     2 |     1 |     9 |     3 |       |       ||    15
       Distracted        |       |       |       |     1 |       |       ||     1
       Paralysed         |       |       |       |       |       |     1 ||     1
Armor: Leather armour    |    43 |    67 |       |       |       |       ||   110
       Ring mail         |       |    32 |   172 |    27 |       |       ||   231
       Skin              |       |       |    32 |       |       |       ||    32
       Plate armour      |       |       |       |   667 |   689 |    93 ||  1449
Dodge: Dodged            |    85 |   183 |   309 |   354 |   646 |   103 ||  1680
Block: Kite shield       |       |       |    23 |   678 |  1186 |   244 ||  2131
       Reflection        |       |       |       |       |       |     9 ||     9
       Rpst.: Long sword |       |       |    14 |       |       |       ||    14
       Scimitar          |       |       |    40 |    87 |    46 |       ||   173

Table legend: (Time is in decaauts)
 A = Elapsed time spent in this place.
 B = Non-inter-level travel time spent in this place.
 C = Inter-level travel time spent in this place.
 D = Time resting spent in this place.
 E = Time spent auto-exploring this place.
 F = Levels seen in this place.
 G = Mean time per level.
                   A        B        C        D        E       F      G
               +--------+--------+--------+--------+--------+-----+--------+
         Total |  29121 |  28039 |   1082 |   4310 |  15596 |  29 | 1004.2 |
       Dungeon |  18267 |  17477 |    790 |   2904 |   9735 |  15 | 1217.8 |
          Lair |   7183 |   6990 |    193 |    824 |   4106 |   6 | 1197.2 |
  Orcish Mines |   1800 |   1702 |     98 |    425 |    900 |   2 |  900.0 |
   Elven Halls |   1169 |   1169 |      0 |     81 |    821 |   1 | 1169.0 |
         Abyss |     59 |     59 |      0 |      0 |      8 |   4 |   14.8 |
      Gauntlet |    640 |    640 |      0 |     76 |     25 |   1 |  640.0 |
               +--------+--------+--------+--------+--------+-----+--------+

Top non-repeatable levels by time:
  Lair:5: 1648 daAuts
    D:12: 1604 daAuts
     D:7: 1547 daAuts
     D:5: 1532 daAuts
     D:6: 1512 daAuts
    D:13: 1495 daAuts
  Lair:2: 1333 daAuts
  Lair:6: 1295 daAuts
     D:2: 1275 daAuts
    D:15: 1261 daAuts
  Lair:1: 1232 daAuts
    D:10: 1207 daAuts
   Elf:1: 1169 daAuts
     D:4: 1100 daAuts
    D:11: 1050 daAuts
